 Dungeon Sprint DCSS version 0.27-a0-909-g0721f309d1 (webtiles) character file.

Game seed: 12754970750414199081

228 EnegeticOcto the Covert (level 6, -6/38 HPs)
             Began as a Kobold Brigand on Apr 8, 2021.
             Was an Initiate of Wu Jian.
             Mangled by a neqoxec (11 damage)
             ... in the Dungeon (Sprint II: "The Violet Keep of Menkaure").
             The game lasted 00:01:06 (315 turns).

EnegeticOcto the Covert (Kobold Brigand)             Turns: 315, Time: 00:01:07

Health: -6/38      AC:  3    Str:  8      XL:     6   Next: 22%
Magic:  6/6        EV: 16    Int: 12 (13) God:    Wu Jian [......]
Gold:   243        SH:  0    Dex: 16      Spells: 5/5 levels left

rFire    . . .     SeeInvis .   a - +2 dagger
rCold    . . .     Faith    .   (shield restricted)
rNeg     . . .     Spirit   .   b - +0 robe
rPois    .         Reflect  .   (no helmet)
rElec    .         Harm     .   c - +0 cloak
rCorr    .         Rampage  .   (no gloves)
Will     .....     Rnd*Rage +   (no boots) Stlth ++++++....NoTele +
                                (no amulet)
HPRegen  0.12/turn              (no ring)
MPRegen  0.10/turn              (no ring)

@: no status effects
A: small, no large weapons, nightstalker 3, berserk 2, clumsy 1, no potion heal
1
a: Renounce Religion


You were in the Dungeon.
You worshipped Wu Jian.
Wu Jian was noncommittal.
You visited 1 branch You collected 243 gold pieces.

Inventory:

Hand Weapons
 a - a +2 dagger (weapon)
Missiles
 d - 8 poisoned darts (quivered)
 e - 2 curare-tipped darts
Armour
 b - a +0 robe (worn)
 c - a +0 cloak (worn)
Scrolls
 k - a scroll of blinking {@r4}
Potions
 f - a potion of curing {@q1 !q}
 g - a potion of heal wounds {@q2 !q}
 h - a potion of haste {@q4 !q}
 i - 2 potions of magic


   Skills:
 - Level 4.1 Fighting
 + Level 8.5 Short Blades
 - Level 4.1 Throwing
 - Level 4.0 Dodging
 + Level 12.6 Stealth


You had 5 spell levels left.
You didn't know any spells.
Your spell library was empty.

Dungeon Overview and Level Annotations

Branches:
Dungeon (1/1)

Altars:
Cheibriados
Dithmenos
Elyvilon
Fedhas
Gozag
Hepliaklqana
Kikubaaqudgha
Makhleb
Nemelex Xobeh
Okawaru
Qazlal
Ru
Sif Muna
Trog
Uskayaw
Vehumet
Wu Jian
Xom
Yredelemnul
Zin
The Shining One
Beogh
Jiyva
Lugonu

Annotations:
D Roxanne


Innate Abilities, Weirdness & Mutations

You are small and have problems with some larger weapons.
You are completely attuned to the shadows.
You often lose your temper in combat.
You are clumsy. (Dex -2)
Potions are less effective at restoring your health.


Message History

The scorpion poisons you!
Throw: 5 darts (poison)
Press: ? - help, Q - select action, (/) - cycle Shift-Dir - straight line, f/p - scorpion
Aim: a scorpion (very poisoned, 64% to hit)
You throw a poisoned dart. The poisoned dart hits the scorpion.
The scorpion looks even sicker.
You feel sick. The scorpion closely misses you.
You closely miss the scorpion.
The scorpion is heavily wounded.
You feel sick. The scorpion misses you.
You hit the scorpion but do no damage.
The scorpion is almost dead.
You feel sick. The scorpion misses you.
You hit the scorpion but do no damage.
The scorpion is almost dead.
You feel sick.
You kill the scorpion!
Your Short Blades skill increases to level 8!
Your Stealth skill increases to level 12!
You have reached level 6!
Your experience leads to an increase in your attributes!
Increase (s)trength, (i)ntelligence, or (d)exterity?
You feel agile.
You feel sick.
d - 6 poisoned darts (gained 2)
There is an open door here.
You see here a scorpion corpse.
You feel sick.
You feel sick.
Found 243 gold pieces.
d - 7 poisoned darts (gained 1)
You feel sick.
You feel sick.
You are no longer poisoned.
d - 8 poisoned darts (gained 1)
You now have 243 gold pieces.
You start resting.
HP restored.
You open the door.
There is an open door here.
A water moccasin comes into view.
Marking area around Roxanne as unsafe for travelling.
Found an iron altar of Okawaru and an opulent altar of Gozag.
Found a sparkling altar of Nemelex Xobeh and a blossoming altar of Fedhas.
You enter the shallow water.
Moving in this stuff is going to be slow.
Found a radiant altar of Vehumet and a burning altar of Makhleb.
Found a hide-covered altar of Uskayaw.
Found three altars.
There is an open door here.
Found a twisted cameo amulet.
Found four altars.
Found four altars.
Found five altars.
Found a roughly hewn altar of Beogh.
There is a corrupted altar of Lugonu here.
There is an ancient bone altar of Kikubaaqudgha here.
There is a sacrificial altar of Ru here.
There is an ornate altar of the Wu Jian Council here.
You kneel at the altar of Wu Jian.
The Council welcomes you!
You can now perform damaging attacks by moving towards foes.
There is a shimmering altar of Xom here.
The walls and floor vibrate strangely for a moment.
There is a bloodstained altar of Trog here.
A polar bear comes into view.
There is an open door here.
You enter the shallow water.
Moving in this stuff is going to be slow.
Really walk into a travel-excluded area?
You are engulfed in a cloud of scalding steam.
You open the door. 4 neqoxecs come into view.
The neqoxec shouts! x4
The neqoxec gestures at you.
Strange energies course through your body.
You feel clumsy. The neqoxec gestures at you.
Strange energies course through your body.
Your system partially rejects the healing effects of potions.
Found 243 gold pieces.
The neqoxec gestures at you.
Something tries to feed on your intellect!
The neqoxec gestures at you.
Strange energies course through your body.
You feel a little pissed off. The neqoxec hits you!
The neqoxec closely misses you. The neqoxec gestures at you.
You feel dopey. Something feeds on your intellect! The neqoxec hits you!
The neqoxec gestures at you.
Strange energies course through your body.
You feel angry. The neqoxec hits you! The neqoxec closely misses you.
The neqoxec hits you!
* * * LOW HITPOINT WARNING * * *
The neqoxec misses you. The neqoxec hits you!
You die...

#+++#+++## .........#
S##'##..# ###.###.####
#..#..#....#
##.#.####..##
##†###.##..# +..# ##.##
#.#3.# #..# h# +.<.+
#33@.### ..##.#▓"
##.###..#3...###...##▓▓▓
#+# #.
#§.....≈≈≈≈≈≈≈≈≈≈≈ #
#≈≈§....≈#'########
≈≈≈≈≈≈≈..≈#_._._...#
≈≈≈≈§≈≈≈.§#._._._._#
≈≈≈≈≈≈≈≈≈#_._._._.#
≈§≈≈§§≈≈#._._._._#
≈≈§§§≈§#.._._._.#


You could see 4 neqoxecs.

Vanquished Creatures
  4 scorpions (D)
4 creatures vanquished.

Vanquished Creatures (others)
  Menkaure (D)
1 creature vanquished.

Grand Total: 5 creatures vanquished

Notes
Turn   | Place    | Note
-------+----------+-------------------------------------------
     0 | D        | EnegeticOcto the Kobold Brigand began the quest for the
                  | Orb.
     0 | D        | Reached XP level 1. HP: 12/12 MP: 1/1
     1 | D        | Noticed a scorpion
     1 | D        | Noticed a scorpion
     1 | D        | Noticed a scorpion
     1 | D        | Noticed a scorpion
    13 | D        | Killed a scorpion
    14 | D        | Reached skill level 4 in Fighting
    14 | D        | Reached skill level 5 in Short Blades
    14 | D        | Reached skill level 4 in Throwing
    14 | D        | Reached skill level 4 in Dodging
    14 | D        | Reached skill level 7 in Stealth
    14 | D        | Reached XP level 2. HP: 19/20 MP: 2/2
    14 | D        | Reached XP level 3. HP: 23/24 MP: 3/3
    14 | D        | Reached XP level 4. HP: 27/29 MP: 4/4
    17 | D        | Killed a scorpion
    18 | D        | Reached skill level 10 in Stealth
    18 | D        | Reached XP level 5. HP: 31/33 MP: 5/5
    23 | D        | Reached skill level 7 in Short Blades
    23 | D        | Reached skill level 11 in Stealth
    55 | D        | Killed Menkaure
   143 | D        | Reached skill level 8 in Short Blades
   143 | D        | Reached skill level 12 in Stealth
   143 | D        | Reached XP level 6. HP: 28/38 MP: 6/6
   267 | D        | Identified Roxanne's Handbook of Earth
   267 | D        | Noticed Roxanne
   267 | D        | Noticed a water moccasin
   279 | D        | Found an iron altar of Okawaru.
   279 | D        | Found an opulent altar of Gozag.
   280 | D        | Found a sparkling altar of Nemelex Xobeh.
   280 | D        | Found a blossoming altar of Fedhas.
   281 | D        | Found a radiant altar of Vehumet.
   281 | D        | Found a burning altar of Makhleb.
   282 | D        | Found a hide-covered altar of Uskayaw.
   283 | D        | Found a glowing silver altar of Zin.
   283 | D        | Found a bloodstained altar of Trog.
   283 | D        | Found a corrupted altar of Lugonu.
   284 | D        | Found a basalt altar of Yredelemnul.
   284 | D        | Found a shimmering blue altar of Sif Muna.
   284 | D        | Found a white marble altar of Elyvilon.
   284 | D        | Found an ancient bone altar of Kikubaaqudgha.
   285 | D        | Found a shimmering altar of Xom.
   285 | D        | Found a sacrificial altar of Ru.
   285 | D        | Found a shadowy altar of Dithmenos.
   285 | D        | Found a viscous altar of Jiyva.
   286 | D        | Found an ornate altar of the Wu Jian Council.
   286 | D        | Found a glowing golden altar of the Shining One.
   286 | D        | Found a stormy altar of Qazlal.
   286 | D        | Found a snail-covered altar of Cheibriados.
   286 | D        | Found a hazy altar of Hepliaklqana.
   290 | D        | Noticed a water moccasin
   292 | D        | Became a worshipper of the Wu Jian Council
   293 | D        | Noticed a water moccasin
   299 | D        | Noticed a polar bear
   308 | D        | Noticed a neqoxec
   308 | D        | Noticed a neqoxec
   308 | D        | Noticed a neqoxec
   308 | D        | Noticed a neqoxec
   308 | D        | Gained mutation: You are clumsy. (Dex -2) [a neqoxec]
   308 | D        | Gained mutation: Potions are less effective at restoring
                  | your health. [a neqoxec]
   310 | D        | Gained mutation: You tend to lose your temper in combat. [a
                  | neqoxec]
   313 | D        | Gained mutation: You often lose your temper in combat. [a
                  | neqoxec]
   315 | D        | Mangled by a neqoxec

Illustrated notes

Levels and vault maps discovered:
D:        the_violet_keep_of_menkaure [sprint2_stairs_cluster_1,
          sprint2_shoproom, sprint2_temple, sprint2_basic_supplies,
          sprint2_obstacle_1, sprint2_obstacle_3, sprint2_obstacle_6,
          sprint2_obstacle_2, sprint2_obstacle_5, sprint2_timed_cluster_1,
          sprint2_smallroom_cluster_1, sprint2_smallroom_final_cluster_1,
          sprint2_transparent_cluster_1, sprint2_second_timed_cluster_1,
          sprint2_sniper_area_1, sprint2_heavy_combat_area_1,
          sprint2_mutation_trap_area_1, sprint2_forest_area_1,
          sprint2_light_combat_area_1, sprint2_behind_water_1,
          sprint2_near_end_vault_1]

Skill      XL: |  1  2  3  4  5 |
---------------+----------------+-----
Fighting       | 4 |  4.1
Short Blades   | 5 8 |  8.5
Throwing       | 4 |  4.1
Dodging        | 4 |  4.0
Stealth        | 7 10 12 | 12.6

Action                   |  1- 3 |  4- 6 || total
-------------------------+-------+-------++-------
Melee: Dagger            |     9 |    12 ||    21
Throw: Dart              |       |     4 ||     4
  Use: Potion            |     1 |       ||     1
Dodge: Dodged            |     4 |     7 ||    11

Table legend: (Time is in decaauts)
 A = Elapsed time spent in this place.
 B = Non-inter-level travel time spent in this place.
 C = Inter-level travel time spent in this place.
 D = Time resting spent in this place.
 E = Time spent auto-exploring this place.
 F = Levels seen in this place.
 G = Mean time per level.
                   A        B        C        D        E       F      G
               +--------+--------+--------+--------+--------+-----+--------+
         Total |    316 |    316 |      0 |    233 |      0 |   1 |  316.0 |
       Dungeon |    316 |    316 |      0 |    233 |      0 |   1 |  316.0 |
               +--------+--------+--------+--------+--------+-----+--------+

Top non-repeatable levels by time:
       D: 316 daAuts
